 Dungeon Crawl Stone Soup version 0.30.0-10-gfe55d96785 (webtiles) character file.

Game seed: 16511082252789274972

58 Pimp the Shooter (level 4, -1/27 HPs)
             Began as a Tengu Hunter on May 15, 2023.
             Slain by an adder (2 damage)
             ... on level 2 of the Dungeon.
             The game lasted 00:02:46 (1255 turns).

Pimp the Shooter (Tengu Hunter)                     Turns: 1255, Time: 00:02:47

Health: -1/27      AC:  3    Str:  8 (11) XL:     4   Next: 1%
Magic:  5/5        EV: 12    Int:  7 (9)  God:
Gold:   62         SH:  0    Dex: 18 (20) Spells: 3/3 levels left

rFire   . . .        e - +2 dagger (venom)
rCold   . . .        (no shield)
rNeg    . . .        c - +0 leather armour
rPois   .            (helmet restricted)
rElec   .            (no cloak)
rCorr   .            (no gloves)
SInv    .            (boots unavailable)
Will    .....        (no amulet)
Stlth   ++           (no ring)
HPRegen 0.24/turn    (no ring)
MPRegen 0.09/turn

%: no passive effects
@: lethally poisoned (-1 -> -3), hasted, very quick
A: beak, talons 3
a: no special abilities


You were on level 2 of the Dungeon.
You visited 1 branch of the dungeon, and saw 2 of its levels.

You collected 62 gold pieces.

Inventory:

Hand Weapons
 a - a +0 shortbow
 e - a +2 dagger of venom (weapon)
Armour
 c - a +0 leather armour (worn)
Magical Staves
 i - a staff of air
Wands
 l - a wand of mindburst (12)
Scrolls
 b - a scroll of immolation
 f - a scroll of poison {unknown}
 g - 2 scrolls of teleportation {unknown}
 j - a scroll of acquirement {unknown}
 k - a scroll of fear {unknown}
 m - a scroll of identify {unknown}
 o - a scroll of vulnerability {unknown}
Potions
 n - a potion of resistance {unknown}
 p - a potion of might {unknown}


   Skills:
 + Level 2.5 Fighting
 + Level 4.8 Ranged Weapons
 + Level 2.8 Dodging
 + Level 2.0 Stealth
 + Level 1.4 Air Magic


You had 3 spell levels left.
You didn't know any spells.
Your spell library was empty.

Dungeon Overview and Level Annotations

Branches:
Dungeon (2/15)

Altars:


Innate Abilities, Weirdness & Mutations

You have a beak for a mouth.
You have claws for feet.


Message History

The adder hisses angrily.
An adder is nearby!
You shoot an arrow. The arrow barely misses the adder.
You shoot an arrow. The arrow closely misses the adder.
You shoot an arrow. The arrow completely misses the adder.
The adder bites you.
You are poisoned.
The adder poisons you!
You shoot an arrow. The arrow barely misses the adder.
You feel very sick. The adder barely misses you. The adder misses you.
You shoot an arrow. The arrow barely misses the adder.
You feel sick. The adder bites you.
You are more poisoned.
The adder poisons you! The adder barely misses you.
You shoot an arrow. The arrow hits the adder.
The adder is lightly wounded.
You feel very sick. The adder bites you. The adder closely misses you.
You are too injured to fight recklessly!
Your +2 dagger of venom begins to drip with poison!
e - a +2 dagger of venom (weapon)
You feel sick.
You feel sick. The adder bites you but does no damage. The adder bites you.
* * * LOW HITPOINT WARNING * * *
You hit the adder but do no damage.
The adder is poisoned.
The adder is lightly wounded.
You feel sick. The adder bites you but does no damage.
You hit the adder.
The adder looks even sicker.
Your peck misses the adder.
The adder is moderately wounded.
You feel sick. The adder bites you.
* * * LOW HITPOINT WARNING * * *
It was a potion of degeneration.
There was something very wrong with that liquid.
You feel weakened.
You feel dopey.
You feel clumsy.
* * * LOW HITPOINT WARNING * * *
You feel sick. The adder closely misses you.
It was a potion of haste.
You feel yourself speed up.
* * * LOW HITPOINT WARNING * * *
You feel sick. The adder closely misses you. The adder bites you.
You die...

#..........#####
##.#..#.####
#.#..#.# #.#.##.#
###.#####...##.###
...................
#.###.†.####.####
#.##..#.# #.#
#..S@...# #.#
#..##.### ..... #.#
#..#. #.# #. #. #.#
. . ..# .. ##


You could see an adder (very poisoned).

Vanquished Creatures
  An adder (D:2)
  A dart slug (D:1)
  6 ball pythons (D:1)
  3 bats (D:1)
  An endoplasm (D:1)
  2 giant cockroaches
  6 goblins (D:1)
  3 hobgoblins
  4 jackals (D:1)
  3 kobolds
  2 quokkas
  11 frilled lizards (D:1)
  4 rats
47 creatures vanquished.

Notes
Turn   | Place    | Note
-------+----------+-------------------------------------------
     0 | D:1      | Pimp the Tengu Hunter began the quest for the Orb.
     0 | D:1      | Reached XP level 1. HP: 12/12 MP: 2/2
   116 | D:1      | Reached XP level 2. HP: 17/17 MP: 3/3
   458 | D:1      | Reached XP level 3. HP: 21/21 MP: 4/4
   505 | D:1      | Reached skill level 1 in Air Magic
  1234 | D:2      | Reached XP level 4. HP: 27/27 MP: 5/5
  1255 | D:2      | HP: 1/27 [poisoned by an adder]
  1255 | D:2      | Slain by an adder

Illustrated notes

Levels and vault maps discovered:
D:1:      minmay_arrival_widening_spiral_wide, layout_basic, minmay_lizard_king
D:2:      layout_basic, hangedman_glass_teeth, kennysheep_flooded_box

Skill      XL: |  1  2  3 |
---------------+----------+-----
Air Magic      | 1 |  1.4
Stealth        | 2 |  2.0
Fighting       | |  2.5
Ranged Weapons | |  4.8
Dodging        | |  2.8

Action                     |  1- 3 |  4- 6 || total
---------------------------+-------+-------++-------
  Melee: Dagger            |       |     2 ||     2
   Fire: Shortbow          |   104 |     6 ||   110
    Use: Potion            |       |     2 ||     2
 Armour: Leather armour    |    15 |     2 ||    17
  Dodge: Dodged            |    15 |     6 ||    21
